 Dungeon Crawl Stone Soup version 0.26-a0-812-g31a745ddcd (webtiles) character file.

Game seed: 9860128457311050635

11156 kae the Cleaver (level 11, -10/99 HPs)
             Began as a Hill Orc Fighter on Nov 26, 2020.
             Was a Priest of Qazlal.
             Killed from afar by Josephine (31 damage)
             ... with a ghostly fireball
             ... on level 11 of the Dungeon.
             The game lasted 00:08:19 (11638 turns).

kae the Cleaver (Hill Orc Fighter)                 Turns: 11638, Time: 00:08:20

Health: -10/99     AC: 15    Str: 23    XL:     11   Next: 73%
Magic:  16/16      EV:  6    Int: 12    God:    Qazlal [***...]
Gold:   582        SH: 14    Dex: 18    Spells: 10/10 levels left

rFire    . . .     SeeInvis .   a - +0 war axe (elec)
rCold    . . .     Faith    .   c - +0 kite shield
rNeg     . . .     Spirit   .   A - +0 plate armour
rPois    .         Reflect  .   (no helmet)
rElec    .         Harm     .   r - +1 cloak of Cujonor {*Drain rCorr Int+4 Dex+8}
rCorr    +         Rampage  .   (no gloves)
MR       .....     Rnd*Tele +   (no boots)
Stlth    ..........             q - amulet of regeneration
HPRegen  0.66/turn              x - ring of teleportation (curse)
MPRegen  0.15/turn              C - ring of stealth

@: slowed, heavily drained, very slow
A: no striking features
a: Upheaval, Elemental Force, Renounce Religion


You were on level 11 of the Dungeon.
You worshipped Qazlal.
Qazlal was most pleased with you.
You visited 2 branches of the dungeon, and saw 12 of its levels.

You collected 751 gold pieces.
You spent 169 gold pieces at shops.

Inventory:

Hand Weapons
 a - a +0 war axe of electrocution (weapon)
Armour
 b - a +1 scale mail
 c - a +0 kite shield (worn)
 r - the +1 cloak of Cujonor (worn) {*Drain rCorr Int+4 Dex+8}
   (You found it on level 6 of the Dungeon)

   It affects your intelligence (+4).
   It affects your dexterity (+8).
   It provides partial protection from all sources of acid and corrosion.
   It causes draining when unequipped.
 A - a +0 plate armour (worn)
 B - the +2 cloak "Foghuska" {rPois Str-3 Dex+8 Stlth-}
   (You acquired it on level 11 of the Dungeon)

   It affects your strength (-3).
   It affects your dexterity (+8).
   It protects you from poison.
   It makes you less stealthy.
Jewellery
 h - an uncursed ring of see invisible
 p - an uncursed ring of positive energy
 q - an amulet of regeneration (around neck)
 x - a cursed ring of teleportation (left hand)
 y - a +4 ring of protection
 C - a ring of stealth (right hand)
 I - an uncursed amulet of the acrobat {unknown}
Wands
 l - a wand of flame (23)
 s - a wand of digging (7)
 u - a wand of disintegration (11)
 J - a wand of polymorph (9)
Scrolls
 g - 2 scrolls of fear
 i - 10 scrolls of teleportation
 j - a scroll of amnesia
 w - a scroll of blinking
 D - 3 scrolls of enchant armour
 F - 4 scrolls of identify
 H - a scroll of remove curse
Potions
 d - 2 potions of might
 e - a potion of haste
 f - 3 potions of flight
 k - 2 potions of invisibility
 m - a potion of cancellation
 n - 2 potions of curing
 o - a potion of attraction
 t - 3 potions of ambrosia
 v - a potion of lignification
 z - 4 potions of heal wounds
 E - a potion of mutation
 K - a potion of berserk rage {unknown}


   Skills:
 + Level 10.0(7.5) Fighting
 * Level 14.0(11.3) Axes
 + Level 9.2(6.8) Armour
 + Level 5.5(3.3) Dodging
 - Level 5.2(3.0) Shields
 + Level 7.2(4.9) Invocations


You had 10 spell levels left.
You didn't know any spells.
Your spell library contained the following spells:

 Spells                   Type           Power        Failure   Level
 Corona                   Hex            #......      100%        1
 Foxfire                  Conj/Fire      #...         100%        1
 Slow                     Hex            #.......     100%        2
 Conjure Flame            Conj/Fire      #.......     100%        3
 Inner Flame              Hex/Fire       #.......     100%        3
 Portal Projectile        Hex/Tloc       #.....       100%        3
 Cause Fear               Hex            #.........   100%        4
 Leda's Liquefaction      Hex/Erth       #.........   100%        4
 Sticky Flame             Conj/Fire      #.......     100%        4
 Fireball                 Conj/Fire      #.........   100%        5


Dungeon Overview and Level Annotations

Branches:
Dungeon (11/15)            Temple (1/1) D:6            Lair (0/6) D:10
    Orc: D:9-12

Altars:
Ashenzari
Cheibriados
Dithmenos
Elyvilon
Fedhas
Gozag
Hepliaklqana
Kikubaaqudgha
Makhleb
Nemelex Xobeh
Okawaru
Qazlal
Ru
Sif Muna
Trog
Uskayaw
Vehumet
Wu Jian
Xom
Yredelemnul
Zin
The Shining One

Shops:
D:9 !

Annotations:
D:4 3 runed translucent doors, schauveau's ghost, weakling FeMo
D:11 Josephine


Message History

The ghostly fireball engulfs the wraith.
The wraith completely resists.
The ghostly fireball engulfs the wraith.
The wraith completely resists.
The ghostly fireball engulfs Josephine.
Josephine completely resists.
The wraith hits you but does no damage.
You slash Josephine!
Josephine is almost dead.
You hit the wraith but do no damage. You hit the wraith.
You block the wraith's attack. Josephine hits you but does no damage.
The wraith hits you.
* * * LOW HITPOINT WARNING * * *
The wraith hits you but does no damage. You block Josephine's attack.
You hit Josephine but do no damage.
Josephine is almost dead.
You hit the wraith but do no damage. x2; Lightning courses through the wraith!
You block the wraith's attack.
Josephine gestures at you while chanting.
The ghostly flame explodes!
The ghostly fireball engulfs you!!
You feel drained.
You die...

..... .........#
.....###>......#
#...#.......#
#.......{.#
##..(.....##
##..?(...##.#
#.#.((.W##..###
.##$..(.)WW#)...#
?......)Z)W@@(...##
##.........W##....###
#.......(#####......#
##......(## #......##
......##.†####.......#
........#..........###
.......##.†#........#
...... ##.##.....###
#.... #.......#.#


You could see Josephine, 5 wraiths and a hound skeleton.

Vanquished Creatures
  2 two-headed ogres
  An unseen horror (D:11)
  Grinder (D:4)
  2 trolls (D:10)
  A shadow (D:11)
  15 yaks (D:10)
  Sigmund (D:4)
  3 wyverns (D:10)
  A basilisk (D:10)
  Menkaure (D:4)
  3 water moccasins (D:10)
  2 sky beasts
  A necrophage (D:11)
  4 orc warriors
  2 ice beasts (D:10)
  A black bear (D:9)
  5 ogres
  3 phantoms
  6 centaurs
  A big kobold (D:7)
  2 bullfrogs
  2 scorpions
  A water moccasin skeleton (D:9)
  12 killer bees
  11 wights
  4 howler monkeys
  3 vampire bats (D:3)
  2 electric eels (D:10)
  3 bullfrog zombies
  4 hounds
  2 jellies
  A quasit (D:7)
  11 orc priests
  12 orc wizards
  A bullfrog skeleton (D:5)
  An iguana (D:8)
  6 worker ants
  A centaur simulacrum (D:10)
  2 hound skeletons
  A worker ant zombie (D:10)
  11 gnolls
  A howler monkey skeleton (D:7)
  12 adders
  2 shadow imps
  8 white imps
  3 ufetubi
  An ooze (D:7)
  An adder skeleton (D:5)
  3 worms (D:3)
  A dart slug (D:1)
  5 leopard geckos
  46 orcs
  A ball python (D:4)
  12 bats
  5 giant cockroaches
  6 goblins
  3 hobgoblins
  8 jackals
  9 quokkas
  A ball python skeleton (D:4)
  3 frilled lizards
  10 kobolds
  8 rats
298 creatures vanquished.

Vanquished Creatures (others)
  4 bushes (D:10)
  3 fungi (D:10)
  17 plants (D:10)
24 creatures vanquished.

Grand Total: 322 creatures vanquished

Notes
Turn   | Place    | Note
-------+----------+-------------------------------------------
     0 | D:1      | kae the Hill Orc Fighter began the quest for the Orb.
     0 | D:1      | Reached XP level 1. HP: 19/19 MP: 1/1
    43 | D:1      | Reached skill level 3 in Axes
   161 | D:1      | Reached XP level 2. HP: 27/27 MP: 2/2
   766 | D:2      | Reached XP level 3. HP: 21/33 MP: 3/3
  1408 | D:3      | Reached skill level 4 in Axes
  1408 | D:3      | Reached XP level 4. HP: 33/40 MP: 4/4
  1483 | D:3      | Reached XP level 5. HP: 47/47 MP: 5/5
  1485 | D:3      | Reached skill level 5 in Axes
  1875 | D:3      | Reached XP level 6. HP: 38/53 MP: 6/6
  2535 | D:3      | Reached skill level 5 in Fighting
  2535 | D:3      | Reached skill level 6 in Axes
  3086 | D:4      | Noticed schauveau's ghost (weakling FeMo)
  3090 | D:4      | Found a runed translucent gate.
  3090 | D:4      | Found a runed translucent gate.
  3092 | D:4      | Found a runed translucent gate.
  3113 | D:4      | Noticed Menkaure
  3125 | D:4      | HP: 2/56 [Menkaure (8)]
  3130 | D:4      | HP: 4/84 [Menkaure (13)]
  3131 | D:4      | Killed Menkaure
  3131 | D:4      | Reached XP level 7. HP: 4/61 MP: 7/7
  3789 | D:4      | Noticed Grinder
  3808 | D:4      | Killed Grinder
  3808 | D:4      | Reached skill level 7 in Axes
  3808 | D:4      | Reached skill level 5 in Armour
  3808 | D:4      | Reached skill level 5 in Shields
  4164 | D:4      | Reached XP level 8. HP: 42/70 MP: 8/8
  4306 | D:4      | Noticed Sigmund
  4552 | D:4      | Killed Sigmund
  4552 | D:4      | Reached skill level 8 in Axes
  4552 | D:4      | Reached skill level 1 in Dodging
  4920 | D:5      | Entered Level 5 of the Dungeon
  5611 | D:5      | Reached skill level 9 in Axes
  6049 | D:6      | Got a heavily runed cloak
  6055 | D:6      | Identified the +1 cloak of Cujonor {*Drain rCorr Int+4
                  | Dex+8} (You found it on level 6 of the Dungeon)
  6173 | D:6      | Found a staircase to the Ecumenical Temple.
  6545 | D:6      | Reached XP level 9. HP: 78/78 MP: 9/9
  6689 | D:6      | Reached skill level 10 in Axes
  7129 | Temple   | Entered the Ecumenical Temple
  7214 | Temple   | Became a worshipper of Qazlal Stormbringer
  7292 | D:7      | Reached skill level 1 in Invocations
  7406 | D:7      | Noticed a two-headed ogre
  7415 | D:7      | Killed a two-headed ogre
  7417 | D:7      | Reached skill level 11 in Axes
  8144 | D:7      | Reached XP level 10. HP: 82/88 MP: 12/12
  8571 | D:8      | Reached * piety under Qazlal
  9583 | D:8      | Found an ancient bone altar of Kikubaaqudgha.
  9713 | D:9      | Found Luteluk's Distillery.
  9717 | D:9      | Bought a potion of mutation for 104 gold pieces
  9717 | D:9      | Bought a potion of heal wounds for 65 gold pieces
  9814 | D:9      | Reached skill level 12 in Axes
 10327 | D:10     | Entered Level 10 of the Dungeon
 10327 | D:10     | Found a broken altar of Ashenzari.
 10336 | D:10     | Reached ** piety under Qazlal
 10352 | D:10     | Reached skill level 5 in Invocations
 10593 | D:10     | Reached XP level 11. HP: 92/97 MP: 15/15
 10649 | D:10     | Reached skill level 13 in Axes
 10736 | D:10     | Reached skill level 5 in Dodging
 10772 | D:10     | Reached *** piety under Qazlal
 10944 | D:10     | Found a staircase to the Lair.
 11516 | D:11     | Noticed a two-headed ogre
 11517 | D:11     | Identified a scroll of acquirement
 11517 | D:11     | Acquired the +2 cloak "Foghuska" {rPois Str-3 Dex+8 Stlth-}
 11523 | D:11     | Killed a two-headed ogre
 11573 | D:11     | Identified the +5 flail of the Slime-mould {antimagic,
                  | *Noise rPois Int+3 Stlth+}
 11617 | D:11     | Noticed Josephine
 11618 | D:11     | Killed an unseen horror
 11618 | D:11     | Reached skill level 10 in Fighting
 11618 | D:11     | Reached skill level 14 in Axes
 11638 | D:11     | Killed from afar by Josephine

Illustrated notes

Levels and vault maps discovered:
D:1:      matt_arrival_grand_opening, layout_basic
D:2:      layout_basic
D:3:      minmay_door_path, layout_basic, roderic_batcave
D:4:      layout_loops_corners, gammafunk_ghost_split, uniq_menkaure,
          uniq_sigmund, uniq_grinder
D:5:      layout_rooms
D:6:      layout_basic, temple_statues, sigmund_army
D:7:      layout_gridville
D:8:      layout_loops_cross, kennysheep_mini_moat, hex_tiny,
          serial_bayou_pond_e, kennysheep_flooded_box
D:9:      layout_gridville, serial_shops, nicolae_shop_statue_plus
D:10:     layout_cave_pools, minmay_lair_entry_grove, serial_ice, serial_ice_a,
          serial_ice_f, serial_ice_g, serial_ice_k, ashenzari_altar_1
D:11:     layout_cave_pools, serial_shops, shop_statue, uniq_josephine
Temple:   dpeg_three_leaves_temple

Skill      XL: |  1  2  3  4  5  6  7  8  9 10 11 |
---------------+----------------------------------+-----
Axes           | 3 4 5 6 7 9 11 12 14 | 14.0
Fighting       | 4 5 6 8 9 10 | 10.0
Armour         | 4 5 6 7 8 9 |  9.2
Shields        | 4 5 |  5.2
Dodging        | 2 3 4 5 |  5.5
Invocations    | 3 5 7 |  7.2

Action                   |  1- 3 |  4- 6 |  7- 9 | 10-12 || total
-------------------------+-------+-------+-------+-------++-------
Melee: War axe           |   129 |   134 |   394 |   467 ||  1124
Evoke: Wand              |       |       |       |     6 ||     6
  Use: Scroll            |       |    10 |       |     8 ||    18
       Potion            |       |     4 |     1 |       ||     5
Armor: Scale mail        |    86 |    81 |   123 |    16 ||   306
       Skin              |       |     1 |       |       ||     1
       Plate armour      |       |       |       |   240 ||   240
Dodge: Dodged            |    46 |    36 |   123 |   156 ||   361
Block: Kite shield       |    87 |    82 |   205 |   386 ||   760

Table legend: (Time is in decaauts)
 A = Elapsed time spent in this place.
 B = Non-inter-level travel time spent in this place.
 C = Inter-level travel time spent in this place.
 D = Time resting spent in this place.
 E = Time spent auto-exploring this place.
 F = Levels seen in this place.
 G = Mean time per level.
                   A        B        C        D        E       F      G
               +--------+--------+--------+--------+--------+-----+--------+
         Total |  11763 |  11448 |    315 |   1176 |   8118 |  12 |  980.2 |
       Dungeon |  11669 |  11381 |    288 |   1176 |   8053 |  11 | 1060.8 |
        Temple |     93 |     67 |     26 |      0 |     65 |   1 |   93.0 |
               +--------+--------+--------+--------+--------+-----+--------+

Top non-repeatable levels by time:
     D:4: 2105 daAuts
     D:3: 1873 daAuts
     D:6: 1513 daAuts
     D:7: 1083 daAuts
     D:8: 1078 daAuts
    D:10: 1053 daAuts
     D:9: 828 daAuts
     D:1: 769 daAuts
     D:2: 676 daAuts
     D:5: 568 daAuts
    D:11: 118 daAuts
  Temple: 93 daAuts
